Graznop, chaotic female orcish Wizard -------------- |.......)..... |............| |.<..........| |............| -------.--.--- ######## # ## -|--+-- ######f@GB |.....| # |.....| # # |.....| ## |....>.############ ------- Graznop the Evoker Experience level: 1 Strength: 14 Dexterity: 11 Constitution: 13 Intelligence: 13 Wisdom: 17 Charisma: 7 Health: 0(11) Energy: 9(9) Def: 1 Gold: 525 Moves: 1809 Dungeon seed: V7Ta8CrScUziMLuL Game ID: Graznop_1623096263 Your Inventory: Coins $ - 525 gold pieces Weapons a - a blessed +1 quarterstaff (weapon in hands) q - an uncursed +0 sling Armor e - an uncursed +0 cloak of magic resistance (being worn) Scrolls k - an uncursed scroll of magic mapping o - an uncursed scroll of scare monster s - an uncursed scroll of scare monster Spellbooks b - a blessed spellbook of force bolt c - an uncursed spellbook of slow monster Potions p - an uncursed potion of extra healing Rings h - a cursed ring of sustain ability Wands d - an uncursed wand of nothing (0:5) t - an uncursed wand of cold (0:5) Tools f - an uncursed magic marker (0:58) i - an uncursed blindfold Gems n - an uncursed worthless piece of white glass r - 2 uncursed worthless pieces of black glass Spells and supernatural/magical abilities: Name Level Category Fail Memory a - force bolt 1 attack 0% 91% s - slow monster 1 enchantment 0% 91% W - pray for help -- divine ? -- Your skills at the end: Miscellaneous Skills wands [Basic] Weapon Skills scimitar [Basic] quarterstaff [Basic] Spellcasting Skills attack spells [Basic] enchantment spells [Basic] Final Attributes: You were piously aligned. You were poison resistant. You were magic-protected. Your writing hand was ok. You had infravision. You were very stealthy. You are dead. Vanquished creatures: a shrieker 2 hobbits 3 geckos a brown mold 5 jackals a fox a kobold 10 newts a goblin a grid bug a lichen 27 creatures vanquished. Voluntary challenges: You did not cause conflict. You were not invisible. You did not have reflection. You were not displaced. You used a wielded weapon 10 times, starting on turn 71. You did not use tools. You did not use plumbed fixtures. You did not drink any magical draughts. You were illiterate. You never genocided any monsters. You never polymorphed an object. You never changed form. You used no wishes. You never split a pudding. You never wrote Elbereth's name. You never violated your personal moral code. Dungeon overview: The Dungeons of Doom: levels 1 to 8 Level 1 some fountains a long staircase Level 2 Level 3 stairs to The Gnomish Mines Level 4 a fountain Level 5 Level 6 an altar to Anhur Level 7 <- You were here Level 8 The Gnomish Mines: Level 4 stairs to The Dungeons of Doom History has recorded: On T:1 you entered the Dungeons of Doom to retrieve the Amulet of Yendor! On T:276 you reached level 2 of The Dungeons of Doom. On T:341 you reached level 3 of The Dungeons of Doom. On T:538 you reached level 4 of The Dungeons of Doom. On T:548 you reached level 5 of The Dungeons of Doom. On T:852 you reached level 1 of The Gnomish Mines. On T:1325 you reached level 6 of The Dungeons of Doom. On T:1676 you prayed to Anhur. On T:1705 you reached level 7 of The Dungeons of Doom. On T:1732 you reached level 8 of The Dungeons of Doom. Score breakdown: Gold: 525 ( 52 points) Experience: 1 level ( 0 points) Exploration: 8 levels ( 210 points) Discoveries: 8 items ( 400 points) Variety of kills: 11 monsters ( 550 points) Major goal: (nothing yet) ( 0 points) Survival: died (score multiplied by 3) Total score: 3636 Latest messages: $ - 117 gold pieces. You displace Tigger. The door opens. $ - 155 gold pieces. Please move the cursor to an unknown object. A chaotic altar. There is nothing here to pick up. You see here a sling. You displace Tigger. You stop running. The gnome lord wields a thonged club! You displace Tigger. You hear some noises. The gnome lord drinks a bubbly potion! The gnome lord looks better. You hear some noises. You displace Tigger. You hit the gnome lord! The gnome lord swings his thonged club at you. The gnome lord hits you! You die... Final status: Goodbye Graznop the Wizard, killed by a gnome lord... You died in The Dungeons of Doom on dungeon level 7 with 3636 points, and 525 pieces of gold, after 1809 moves. You were level 1 with a maximum of 11 hit points when you died.